 Dungeon Crawl Stone Soup version 0.26.0-16-gc1dbca0489 (webtiles) character file.

Game seed: 13433115477892783965

1044 EnegeticOcto the Grappler (level 8, -7/69 HPs)
             Began as a Ghoul Venom Mage on Jan 20, 2021.
             Was a Follower of Yredelemnul.
             Killed from afar by Maggie (15 damage)
             ... with an iceblast
             ... on level 6 of the Dungeon.
             The game lasted 00:06:17 (7169 turns).

EnegeticOcto the Grappler (Ghoul Venom Mage)        Turns: 7169, Time: 00:06:17

Health: -7/69      AC:  6    Str: 14    XL:     8   Next: 25%
Magic:  9/9        EV:  9    Int: 10    God:    Yredelemnul [*.....]
Gold:   338        SH:  3    Dex:  9    Spells: 9/10 levels left

rFire    . . .     SeeInvis .     - Unarmed
rCold    + . .     Faith    .   k - +0 buckler
rNeg     + + +     Spirit   .   h - +0 scale mail
rPois    ∞         Reflect  .   (no helmet)
rElec    .         Harm     .   (no cloak)
rCorr    .         Rampage  .   (no gloves)
Will     .....                  (no boots)
Stlth    ..........             (no amulet)
HPRegen  0.00/turn              (no ring)
MPRegen  0.11/turn              (no ring)

@: about to teleport
A: claws 1, cold resistance 1, negative energy resistance 3, inhibited
regeneration, torment resistance, unbreathing
a: Renounce Religion, Animate Remains


You were on level 6 of the Dungeon.
You worshipped Yredelemnul.
Yredelemnul was aware of your devotion.
You visited 1 branch of the dungeon, and saw 6 of its levels.

You collected 338 gold pieces.

Inventory:

Missiles
 c - a throwing net {!f}
 g - 4 boomerangs
 m - 10 poisoned darts (quivered)
Armour
 h - a +0 scale mail (worn)
   (You found it on level 1 of the Dungeon)
 k - a +0 buckler (worn)
   (You found it on level 2 of the Dungeon)
Scrolls
 b - 2 scrolls of remove curse {@r2}
 d - 2 scrolls of fog {!r}
 e - a scroll of magic mapping {@r5 !r}
 f - a scroll of enchant weapon
 j - 6 scrolls of identify {@r1}
 l - a scroll of fear {!r}
 n - a scroll of noise {unknown}
 p - a scroll of random uselessness {unknown}
Potions
 o - a potion of heal wounds {@q2 !q}
 q - a potion of curing {@q1 !q}


   Skills:
 + Level 5.5 Fighting
 - Level 1.7 Dodging
 - Level 2.1 Stealth
 + Level 1.3 Shields
 * Level 8.1 Unarmed Combat
 - Level 1.7 Spellcasting
 - Level 0.8 Transmutations
 - Level 3.0 Poison Magic


You had 9 spell levels left.
You knew the following spells:

 Your Spells              Type           Power        Failure   Level
a - Sting                 Tmut/Pois      16%          67%         1

Your spell library contained the following spells:

 Spells                   Type           Power        Failure   Level
 Poisonous Vapours        Pois/Air       6%           86%         2
 Ignite Poison            Fire/Tmut/Pois 3%           98%         3
 Mephitic Cloud           Conj/Pois/Air  2%           99%         3
 Olgreb's Toxic Radiance  Pois           6%           99%         4


Dungeon Overview and Level Annotations

Branches:
Dungeon (6/15)             Temple (0/1) D:5

Altars:
Dithmenos
Kikubaaqudgha
Sif Muna
Yredelemnul

Shops:
D:6 *

Annotations:
D:6 Maggie


Innate Abilities, Weirdness & Mutations

You thrive by killing the living.
You are immune to poison.
You have sharp fingernails.
Your flesh is cold resistant. (rC+)
You are immune to negative energy. (rN+++)
You do not regenerate when monsters are visible.
You are immune to unholy pain and torment.
You can survive without breathing.


Message History

Edmund is almost dead.
Edmund hits you with a +0 vorpal flail!
You closely miss Edmund.
Edmund is almost dead.
You closely miss Edmund.
Edmund is almost dead.
You kill Edmund!
Yredelemnul accepts your kill.
Your Shields skill increases to level 1!
Your Unarmed Combat skill increases to level 8!
m - 12 poisoned darts (gained 1)
Things that are here:
a +0 vorpal flail; a +0 leather armour; the human corpse of Edmund A hornet zombie comes into view.
p - a scroll labelled QIRACL BICOMP
m - 13 poisoned darts (gained 1)
m - 14 poisoned darts (gained 1)
There is an entrance to Vypsunir's General Store here.
You can access your shopping list by pressing '$'.
m - 15 poisoned darts (gained 1)
You now have 338 gold pieces (gained 10).
q - a potion of curing {@q1 !q} An orc comes into view.
It is wielding a +0 club.
Throw: 15 darts (poison)
Press: ? - help, Q - select action, (/) - cycle Shift-Dir - straight line, f - orc
Aim: an orc, wielding a +0 club and wearing a +0 scale mail (wandering, hasn't noticed you)
You throw a poisoned dart.
The poisoned dart barely misses the orc.
The orc shouts!
You start waiting.
An orc is nearby!
You scratch the orc but do no damage. You barely miss the orc.
The orc barely misses you.
You closely miss the orc. The orc misses you.
You closely miss the orc. The orc hits you but does no damage.
You claw the orc!
You kill the orc!
Yredelemnul accepts your kill.
No target in view!
No target in view!
No target in view!
No target in view!
Things that are here:
a +0 club; a +0 scale mail
m - 15 poisoned darts (gained 1) Maggie shouts!
You hear a shout!
Maggie mumbles some strange words.
Maggie attempts to bespell you!
You are mesmerised by Maggie!
Maggie is nearby!
Throw: 15 darts (poison)
Press: ? - help, Q - select action, (/) - cycle Shift-Dir - straight line, f - Maggie
Aim: Maggie, wielding a +2 halberd of flaming, wearing +0 acid dragon scales and carrying a wand of iceblast (11) (mesmerising)
You throw a poisoned dart. The poisoned dart barely misses Maggie.
A centaur comes into view.
Throw: 14 darts (poison)
Press: ? - help, Q - select action, (/) - cycle Shift-Dir - straight line, f/p - Maggie
Aim: Maggie, wielding a +2 halberd of flaming, wearing +0 acid dragon scales and carrying a wand of iceblast (11) (mesmerising)
You throw a poisoned dart. The poisoned dart hits Maggie.
Maggie gestures at you while chanting. The bolt of fire hits you!
The tree burns like a torch!
You aren't carrying any items that you can evoke.
Okay, then.
Really read the scroll of immolation?
As you read the scroll of immolation, it crumbles to dust.
The creatures around you are filled with an inner flame!
Throw: 13 darts (poison)
Press: ? - help, Q - select action, (/) - cycle Shift-Dir - straight line, f/p - Maggie
Aim: Maggie, wielding a +2 halberd of flaming, wearing +0 acid dragon scales and carrying a wand of iceblast (11) (mesmerising, inner flame)
You throw a poisoned dart. The poisoned dart hits Maggie.
Maggie casts a spell at you. The bolt of fire misses you.
The tree burns like a torch!
An orc wizard comes into view. It is wielding a +0 dagger.
The forest fire spreads!
Throw: 12 darts (poison)
Press: ? - help, Q - select action, (/) - cycle Shift-Dir - straight line, f/p - Maggie
Aim: Maggie, wielding a +2 halberd of flaming, wearing +0 acid dragon scales and carrying a wand of iceblast (11) (mesmerising, inner flame)
You throw a poisoned dart. The poisoned dart hits Maggie.
Maggie is poisoned.
Flame seeps out of Maggie.
Maggie is engulfed in blazing flames.
Flame seeps out of Maggie.
Maggie drinks a potion.
Maggie is healed!
Maggie looks more healthy.
Throw: 11 darts (poison)
Press: ? - help, Q - select action, (/) - cycle Shift-Dir - straight line, f/p - Maggie
Aim: Maggie, wielding a +2 halberd of flaming, wearing +0 acid dragon scales and carrying a wand of iceblast (11) (flame, lightly wounded, mesmerising, inner flame)
You throw a poisoned dart.
The poisoned dart closely misses Maggie.
Maggie is engulfed in blazing flames.
Flame seeps out of Maggie.
Maggie gestures at you while chanting. The bolt of fire hits you!!
The tree burns like a torch!
The forest fire spreads! x2
Really read
a - a scroll of teleportation {@r3 !r}?
As you read the scroll of teleportation {@r3 !r}, it crumbles to dust.
You feel strangely unstable.
You are engulfed in blazing flames.
* * * LOW HITPOINT WARNING * * *
You break out of your daze.
Maggie is engulfed in blazing flames.
Flame seeps out of Maggie.
Maggie zaps a wand.
The mass of ice explodes!
The iceblast engulfs you! You partially resist.
You die...
Yredelemnul claims you as an undead slave.

...# #####
..)####...### .#
..........♣≈# ..#
#.........≈♣## ..
#.....♣♣..≈♣≈## (.
#....♣≈.≈.≈≈♣≈####.
#.♣≈♣≈≈≈...≈≈♣♣#°@
#♣≈≈≈≈≈≈...≈≈°♣§°#
.≈≈≈≈≈≈....≈≈°°§@#
.♣≈≈≈≈≈≈...≈≈°♣§§#
.♣♣≈P≈≈≈≈..≈≈≈§§§#
≈≈≈≈≈≈≈..≈≈≈§♣§#
≈≈≈≈≈≈....≈≈♣..#
≈≈≈≈≈≈..≈≈≈♣.##
≈≈≈≈≈....P≈..#
P≈≈≈≈≈...≈..##
♣P≈≈≈P.....##


You could see Maggie (inner flame).

Vanquished Creatures
  Edmund (D:6)
  A sky beast (D:4)
  An ogre (D:5)
  A bullfrog (D:6)
  A scorpion (D:3)
  3 hounds
  A jelly (D:5)
  An orc priest (D:3)
  A centaur skeleton (D:5)
  2 orc wizards
  3 iguanas
  2 worker ants (D:4)
  7 gnolls
  A howler monkey skeleton (D:4)
  4 adders
  An ufetubus (D:5)
  2 oozes
  2 adder skeletons
  An adder zombie (D:5)
  2 worms (D:4)
  4 dart slugs
  5 leopard geckos
  13 orcs
  3 giant cockroaches
  9 hobgoblins
  4 jackals
  12 kobolds
  3 quokkas
  12 bats
  10 frilled lizards
  12 goblins
  A jackal zombie (D:5)
  A leopard gecko skeleton (D:4)
  8 rats
135 creatures vanquished.

Vanquished Creatures (others)
  27 plants
27 creatures vanquished.

Grand Total: 162 creatures vanquished

Notes
Turn   | Place    | Note
-------+----------+-------------------------------------------
     0 | D:1      | EnegeticOcto the Ghoul Venom Mage began the quest for the
                  | Orb.
     0 | D:1      | Reached XP level 1. HP: 14/14 MP: 2/2
   270 | D:1      | Reached skill level 1 in Unarmed Combat
   367 | D:1      | Reached XP level 2. HP: 22/22 MP: 3/3
   430 | D:1      | Reached skill level 1 in Fighting
   947 | D:1      | Reached skill level 2 in Unarmed Combat
  1601 | D:1      | Reached XP level 3. HP: 28/28 MP: 4/4
  2035 | D:2      | Found a shadowy altar of Dithmenos.
  2101 | D:2      | Reached skill level 2 in Fighting
  2101 | D:2      | Reached skill level 3 in Unarmed Combat
  2101 | D:2      | Reached XP level 4. HP: 27/36 MP: 5/5
  2764 | D:2      | Found a faded altar of an unknown god.
  3003 | D:2      | Reached skill level 4 in Unarmed Combat
  3003 | D:2      | Reached XP level 5. HP: 39/42 MP: 6/6
  3154 | D:3      | Found a shimmering blue altar of Sif Muna.
  3331 | D:3      | HP: 2/44 [orc/+0 trident (6)]
  3338 | D:3      | Reached skill level 3 in Fighting
  3879 | D:3      | Found a basalt altar of Yredelemnul.
  3919 | D:3      | Became a worshipper of Yredelemnul the Dark
  3955 | D:3      | Reached skill level 5 in Unarmed Combat
  3955 | D:3      | Reached XP level 6. HP: 9/51 MP: 7/7
  4546 | D:4      | Reached skill level 4 in Fighting
  4750 | D:4      | Reached skill level 6 in Unarmed Combat
  4889 | D:4      | Reached XP level 7. HP: 59/59 MP: 8/8
  5218 | D:5      | Entered Level 5 of the Dungeon
  5568 | D:4      | Reached skill level 7 in Unarmed Combat
  5792 | D:5      | Found a staircase to the Ecumenical Temple.
  5834 | D:5      | Reached * piety under Yredelemnul
  5835 | D:5      | Reached skill level 5 in Fighting
  6513 | D:6      | Noticed Maggie
  6560 | D:6      | Found an ancient bone altar of Kikubaaqudgha.
  6669 | D:6      | Reached XP level 8. HP: 48/68 MP: 9/9
  6898 | D:6      | Found Vypsunir's General Store.
  6903 | D:6      | Noticed Edmund
  6924 | D:6      | Killed Edmund
  6925 | D:6      | Reached skill level 1 in Shields
  6925 | D:6      | Reached skill level 8 in Unarmed Combat
  7169 | D:6      | Killed from afar by Maggie

Illustrated notes

Levels and vault maps discovered:
D:1:      tarquinn_simple_flora_water_d, layout_basic, st_stairs_14,
          minmay_misc_feat_five, minmay_quantized
D:2:      layout_loops_ring, grunt_dithmenos_smoke,
          chequers_ecumenical_altar_lobes
D:3:      layout_rooms, lemuel_coloured_pillars_altar, marbit_many_paths
D:4:      layout_rooms, nicolae_overflow_hidden_temple
D:5:      layout_loops_ring, temple_statues
D:6:      layout_basic, general_overflow_altar, serial_shops, shop,
          gammafunk_ghost_abyssal_escape, serial_bayou_ford_a, uniq_maggie,
          uniq_edmund, uniq_menkaure

Skill      XL: |  1  2  3  4  5  6  7  8 |
---------------+-------------------------+-----
Unarmed Combat | 1 2 3 4 5 6 7 8 |  8.1
Fighting       | 1 2 3 4 5 |  5.5
Shields        | 1 |  1.3
Dodging        | |  1.7
Stealth        | |  2.1
Spellcasting   | |  1.7
Transmutations | |  0.8
Poison Magic   | |  3.0

Action                   |  1- 3 |  4- 6 |  7- 9 || total
-------------------------+-------+-------+-------++-------
Melee: Unarmed           |   168 |   277 |   154 ||   599
Throw: Boomerang         |     3 |    12 |     2 ||    17
       Dart              |       |       |    10 ||    10
  Use: Potion            |     1 |     1 |       ||     2
       Scroll            |       |     6 |     6 ||    12
 Stab: Sleeping          |     3 |       |       ||     3
Armor: Robe              |    30 |       |       ||    30
       Scale mail        |    34 |   129 |    50 ||   213
Dodge: Dodged            |   133 |   113 |    48 ||   294
Block: Buckler           |     4 |    26 |    11 ||    41
